 Dungeon Sprint DCSS version 0.30-a0-305-g026cb31310 (webtiles) character file.

Game seed: 13239863810172176385

435 mhtbhm the Basher (level 6, -7/66 HPs)
             Began as an Armataur Berserker on Oct 23, 2022.
             Was a Believer of Trog.
             Mangled by Sonja
             ... wielding a +1 short sword of distortion
              (15 damage)
             ... in the Dungeon (Sprint I: "Red Sonja").
             The game lasted 00:00:40 (526 turns).

mhtbhm the Basher (Armataur Berserker)               Turns: 526, Time: 00:00:41

Health: -7/66      AC:  4    Str: 25    XL:     6   Next: 68%
Magic:  6/6        EV: 10    Int:  7    God:    Trog [**....]
Gold:   297        SH:  0    Dex:  9    Spells: 5/5 levels left

rFire   . . .      SeeInvis .    a - +0 mace
rCold   . . .      Faith    .    (no shield)
rNeg    . . .      Spirit   .    b - +0 animal skin
rPois   .          Reflect  .    (no helmet)
rElec   .          Harm     .    (no cloak)
rCorr   .          Roll     +    (no gloves)
Will    .....      NoTele   +    (no barding)
Stlth   +.........               (no amulet)
HPRegen 0.31/turn                (no ring)
MPRegen 0.10/turn                (no ring)

@: no status effects
A: large, rugged brown scales 3, deformed body, armoured tail, roll, long
tongue, awkward tongue
a: Renounce Religion, Berserk, Trog's Hand


You were in the Dungeon.
You worshipped Trog.
Trog was pleased with you.
You visited 1 branch You collected 297 gold pieces.

Inventory:

Hand Weapons
 a - a +0 mace (weapon)
Missiles
 k - 5 poisoned darts (quivered)
Armour
 b - a +0 animal skin (worn)
Wands
 i - a wand of paralysis (1)
 j - a wand of iceblast (11)
Scrolls
 h - a scroll of blinking
Potions
 c - a potion of curing
 d - a potion of heal wounds
 e - a potion of haste
 f - 2 potions of magic
 g - a potion of berserk rage


   Skills:
 + Level 8.7 Fighting
 + Level 9.0 Maces & Flails
 + Level 5.6 Armour
 + Level 3.7 Dodging
 + Level 1.5 Stealth


You had 5 spell levels left.
You didn't know any spells.
Your spell library was empty.

Dungeon Overview and Level Annotations

Branches:
Dungeon (1/1)

Altars:
Cheibriados
Dithmenos
Elyvilon
Fedhas
Gozag
Hepliaklqana
Kikubaaqudgha
Nemelex Xobeh
Okawaru
Qazlal
Ru
Sif Muna
Trog
Uskayaw
Vehumet
Wu Jian
Yredelemnul
Zin
The Shining One

Shops:
D *

Annotations:
D Sonja


Innate Abilities, Weirdness & Mutations

You are completely covered in rugged brown scales. (AC +3, +7% HP)
Armour fits poorly on your strangely shaped body.
You have a long armoured tail.
You roll when moving toward enemies. (Rampage)
Your long tongue fully drains potion bottles. (2x potion effects)
Your tongue gives you trouble enunciating. (1.5x scroll delay)


Message History

HP restored.
You open the door.
Sonja, the Graceful Assassin comes into view.
She is wielding a +1 short sword of distortion and quivering curare-tipped darts.
Sonja shouts!
Found 108 gold pieces.
Aiming: Paralyse
Press: ? - help, Shift-Dir - straight line, f - Sonja
Aim: Sonja, wielding a +1 short sword of distortion and quivering curare-tipped darts (chance to affect: 57%) Sonja resists with significant effort.
Sonja casts a spell.
Sonja blinks!
Aiming: Paralyse
Press: ? - help, Shift-Dir - straight line, f/p - Sonja
Aim: Sonja, wielding a +1 short sword of distortion and quivering curare-tipped darts (chance to affect: 57%) Sonja resists with significant effort.
Sonja barely misses you.
Sonja hits you with a +1 short sword of distortion.
Space warps around you.
Sonja hits you with a +1 short sword of distortion.
Space warps around you.
Aiming: Paralyse
Press: ? - help, Shift-Dir - straight line, f/p - Sonja
Aim: Sonja, wielding a +1 short sword of distortion and quivering curare-tipped darts (chance to affect: 57%) Sonja resists with significant effort.
Sonja hits you with a +1 short sword of distortion!
Space warps horribly around you!!
Sonja hits you with a +1 short sword of distortion. x2
Space warps around you.
* * * LOW HITPOINT WARNING * * *
Sonja closely misses you.
Sonja hits you with a +1 short sword of distortion.
* * * LOW HITPOINT WARNING * * *
Sonja hits you with a +1 short sword of distortion.
* * * LOW HITPOINT WARNING * * *
Unknown command.
Aiming: Paralyse
Press: ? - help, Shift-Dir - straight line, f/p - Sonja
Aim: Sonja, wielding a +1 short sword of distortion and quivering curare-tipped darts (chance to affect: 57%) Sonja resists with significant effort.
Sonja closely misses you. Sonja hits you but does no damage.
Space warps horribly around you!
You die...

################
#<.#..)..#..'..#
#..)..#..').#..+
#..#####'#####'#
#..####..#...#.#
#..#__####..##.#
#..#_____##'#_.+
#⌠⌠#_.∩..†'..K_#
####_..__##_@#'#
#_____###'#)#
####### #.###
$.$ $.$ ##.##
#+#


You could see Sonja.

Vanquished Creatures
  Sigmund (D)
  A yak (D)
  An ogre (D)
  A jelly (D)
  Ijyb (D)
5 creatures vanquished.

Notes
Turn   | Place    | Note
-------+----------+-------------------------------------------
     0 | D        | mhtbhm the Armataur Berserker began the quest for the Orb.
     0 | D        | Reached XP level 1. HP: 19/19 MP: 1/1
     2 | D        | Noticed Ijyb
     5 | D        | Paralysed by Ijyb for 2 turns
    13 | D        | Paralysed by Ijyb for 3 turns
    16 | D        | Killed Ijyb
    17 | D        | Reached skill level 4 in Maces & Flails
    17 | D        | Reached XP level 2. HP: 18/28 MP: 2/2
   173 | D        | Noticed an ogre
   177 | D        | Killed an ogre
   178 | D        | Reached skill level 5 in Fighting
   178 | D        | Reached skill level 6 in Maces & Flails
   178 | D        | Reached XP level 3. HP: 27/39 MP: 3/3
   178 | D        | Reached XP level 4. HP: 33/47 MP: 4/4
   267 | D        | Noticed Sigmund
   271 | D        | Killed Sigmund
   271 | D        | Reached ** piety under Trog
   272 | D        | Reached skill level 7 in Maces & Flails
   272 | D        | Reached skill level 5 in Armour
   272 | D        | Reached XP level 5. HP: 55/55 MP: 5/5
   272 | D        | Reached XP level 6. HP: 64/64 MP: 6/6
   317 | D        | Found an ornate altar of the Wu Jian Council.
   317 | D        | Found a shimmering blue altar of Sif Muna.
   319 | D        | Found a radiant altar of Vehumet.
   323 | D        | Reached skill level 8 in Maces & Flails
   355 | D        | Found Qeryaclu's Assorted Antiques.
   355 | D        | Found an ancient bone altar of Kikubaaqudgha.
   355 | D        | Found a hazy altar of Hepliaklqana.
   355 | D        | Found a stormy altar of Qazlal.
   355 | D        | Found a hide-covered altar of Uskayaw.
   355 | D        | Found a blossoming altar of Fedhas.
   355 | D        | Found a bloodstained altar of Trog.
   355 | D        | Found an iron altar of Okawaru.
   355 | D        | Found a basalt altar of Yredelemnul.
   355 | D        | Found a glowing golden altar of the Shining One.
   355 | D        | Found a snail-covered altar of Cheibriados.
   355 | D        | Found a sacrificial altar of Ru.
   355 | D        | Found a glowing silver altar of Zin.
   355 | D        | Found a shadowy altar of Dithmenos.
   355 | D        | Found a white marble altar of Elyvilon.
   355 | D        | Noticed a yak
   356 | D        | Found an opulent altar of Gozag.
   364 | D        | Killed a yak
   365 | D        | Reached skill level 9 in Maces & Flails
   365 | D        | Reached skill level 1 in Stealth
   365 | D        | Found a sparkling altar of Nemelex Xobeh.
   522 | D        | Noticed Sonja
   526 | D        | Mangled by Sonja

Illustrated notes

Levels and vault maps discovered:
D:        dungeon_sprint_1 [red_sonja_temple_1, red_sonja_temple_small_1]

Skill      XL: |  1  2  3  4  5  6 |
---------------+-------------------+-----
Fighting       | 4 5 7 8 |  8.7
Maces & Flails | 4 6 7 9 |  9.0
Armour         | 3 4 5 |  5.6
Dodging        | 2 3 |  3.7
Stealth        | 1 |  1.5

Action                   |  1- 3 |  4- 6 || total
-------------------------+-------+-------++-------
Melee: Mace              |    12 |    14 ||    26
       Tailslap          |     2 |     4 ||     6
Invok: Berserk           |     2 |     1 ||     3
Evoke: Wand              |       |     4 ||     4
 Stab: Sleeping          |       |     1 ||     1
Armor: Animal skin       |     2 |     2 ||     4
Dodge: Dodged            |     1 |     6 ||     7

Table legend: (Time is in decaauts)
 A = Elapsed time spent in this place.
 B = Non-inter-level travel time spent in this place.
 C = Inter-level travel time spent in this place.
 D = Time resting spent in this place.
 E = Time spent auto-exploring this place.
 F = Levels seen in this place.
 G = Mean time per level.
                   A        B        C        D        E       F      G
               +--------+--------+--------+--------+--------+-----+--------+
         Total |    555 |    555 |      0 |    425 |      0 |   1 |  555.0 |
       Dungeon |    555 |    555 |      0 |    425 |      0 |   1 |  555.0 |
               +--------+--------+--------+--------+--------+-----+--------+

Top non-repeatable levels by time:
       D: 555 daAuts
